Map: Neon Violet Square LE

Players

Geralt (Gerald) - Winner!

  • Race: Protoss Protoss
  • League: Grandmaster
  • Spawn Location: 5:00

Moja

  • Race: Terran Terran
  • League: Grandmaster
  • Spawn Location: 11:00

Event: HomeStory Cup XXVI

VOD

Have the link to the VOD?

Description

Time

  • Played on: Nov. 29, 2024, 4:33 p.m.
  • Length: 29:57

All games in this series

Show
View Real Time Build Order
Export as new Build Order

Geralt Protoss - Winner!

Build Orders: 1 Gate Expand, Blink Stalkers, Colossus Rush 

Get SALT Encoding   

  12  0:00  Probe  
  13  0:12  Probe  
  14  0:17  Pylon  
  14  0:23  Probe  
  15  0:32  Probe  
  15  0:38  Gateway  
  15  0:40  Probe  
  16  0:47  Assimilator  
  17  0:51  Probe  
  18  1:03  Probe  
  19  1:15  Probe  
  20  1:24  Cybernetics Core  
  20  1:28  Probe  
  21  1:37  Nexus  
  21  1:42  Probe  
  21  1:45  Assimilator  
  22  1:51  Pylon  
  22  1:55  Probe  
  23  2:01  Sentry  
  23  2:09  Probe  
  26  2:17  Warp Gate  
  26  2:21  Probe  
  26  2:22  Stalker  
  27  2:24  Pylon  
  29  2:33  Probe  
  30  2:39  Shield Battery  
  30  2:45  Twilight Council, Probe  
  30  2:50  Probe  
  32  2:58  Probe  
  33  3:02  Probe  
  36  3:10  Probe  
  37  3:13  Probe  
  37  3:19  Probe  
  38  3:21  Probe  
  38  3:22  Nexus  
  38  3:27  Probe  
  38  3:28  Blink  
  38  3:29  Probe  
  39  3:37  Probe  
  40  3:41  Probe  
  40  3:48  Robotics Facility  
  41  3:49  Probe x2  
  43  3:57  Probe  
  43  3:58  Pylon  
  43  4:01  Probe  
  45  4:02  Gateway  
  45  4:07  Sentry  
  47  4:11  Probe  
  47  4:13  Probe  
  47  4:15  Assimilator  
  49  4:18  Assimilator  
  49  4:23  Forge, Probe  
  50  4:25  Probe  
  50  4:28  Gateway  
  51  4:32  Gateway  
  51  4:36  Probe  
  51  4:37  Probe  
  51  4:38  Stalker  
  55  4:39  Observer  
  56  4:48  Probe  
  56  4:49  Probe  
  56  4:50  Robotics Bay, Probe  
  59  4:58  Shield Battery, Protoss Ground Weapons Level 1  
  59  5:00  Probe  
  59  5:02  Stalker  
  59  5:05  Probe  
  63  5:07  Stalker  
  63  5:09  Probe  
  63  5:13  Probe  
  67  5:18  Pylon, Probe  
  67  5:21  Probe  
  69  5:25  Stalker x2  
  69  5:26  Probe, Colossus  
  74  5:30  Probe  
  74  5:33  Probe  
  76  5:38  Probe  
  76  5:39  Pylon  
  76  5:42  Probe  
  84  5:44  Charge  
  84  5:45  Probe  
  85  5:57  Extended Thermal Lance, Probe x2  
  85  6:00  Pylon  
  85  6:01  Probe, Pylon x2  
  88  6:05  Colossus  
  88  6:07  Gateway  
  88  6:09  Gateway  
  88  6:15  Assimilator  
  88  6:16  Assimilator  
  88  6:24  Probe  
  95  6:26  Probe  
  95  6:29  Probe  
  95  6:31  Pylon  
  97  6:36  Probe  
  97  6:38  Probe  
  99  6:48  Probe  
  99  6:49  Zealot x4  
  106  6:55  Colossus  
  106  6:56  Probe  
  106  6:58  Probe  
  106  7:00  Gateway x2  
  114  7:03  Protoss Ground Weapons Level 2  
  114  7:04  Shield Battery  
  114  7:06  Nexus  
  114  7:08  Pylon  
  114  7:18  Probe x2  
  114  7:21  Forge, Templar Archives  
  117  7:22  Probe  
  117  7:25  Pylon  
  117  7:26  Pylon x2  
  117  7:27  Zealot  
  119  7:30  Probe x2  
  119  7:35  Probe  
  122  7:39  Pylon  
  122  7:42  Probe, Colossus  
  123  7:44  Probe  
  123  7:45  Shield Battery  
  123  7:47  Pylon, Probe  
  131  7:53  Pylon  
  131  7:55  Probe  
  131  7:56  Probe  
  133  7:59  Probe  
  133  8:04  Psionic Storm  
  134  8:07  Probe  
  134  8:08  Probe  
  134  8:09  Pylon  
  134  8:11  Probe  
  137  8:15  High Templar  
  137  8:16  High Templar x2  
  137  8:17  Zealot, High Templar  
  137  8:18  Zealot x3  
  137  8:19  Probe  
  153  8:22  Probe  
  153  8:26  Assimilator  
  154  8:29  Nexus  
  154  8:31  Assimilator  
  153  8:35  Pylon  
  153  8:38  Photon Cannon  
  153  8:39  Shield Battery, High Templar x3  
  153  8:40  High Templar  
  161  8:43  Archon, Photon Cannon  
  161  8:44  Archon  
  161  8:56  Zealot  
  161  8:57  Zealot x3  
  160  9:06  Probe  
  160  9:09  Probe  
  131  9:11  Probe  
  124  9:17  Zealot x8  
  124  9:23  Archon, Probe  
  122  9:28  Probe  
  122  9:29  Probe  
  122  9:30  Probe  
  125  9:31  Colossus  
  125  9:35  Probe  
  125  9:37  Stalker x2  
  125  9:38  Stalker x4  
  144  9:43  Probe  
  144  9:49  High Templar x2  
  144  9:50  Probe  
  144  9:52  Probe  
  150  9:54  Forge  
  150  9:55  Probe  
  152  10:00  Probe x2  
  152  10:02  Probe  
  152  10:05  Robotics Facility  
  155  10:07  High Templar x5  
  155  10:13  Assimilator, Probe  
  166  10:16  Assimilator  
  166  10:18  Probe x2  
  166  10:20  Pylon  
  168  10:21  Colossus  
  168  10:22  Photon Cannon  
  168  10:25  Shield Battery, Stalker x2  
  168  10:26  Stalker  
  168  10:27  Pylon  
  180  10:35  Pylon  
  180  10:42  Stalker x2  
  181  10:57  Stalker x5  
  181  10:59  Probe  
  181  11:02  Nexus  
  186  11:06  Probe x2, Colossus  
  186  11:11  Archon  
  182  11:16  Zealot  
  182  11:17  Zealot x2  
  162  11:20  Zealot x4  
  162  11:21  Zealot  
  138  11:26  Colossus  
  130  11:38  Stalker x3  
  122  11:41  Zealot x2  
  122  11:42  Zealot x3  
  122  11:45  Protoss Ground Armor Level 1  
  128  11:48  Protoss Ground Weapons Level 3  
  128  11:51  Colossus  
  134  12:13  High Templar x8  
  150  12:17  Nexus, Colossus  
  150  12:18  Pylon  
  150  12:22  Archon  
  150  12:24  Archon  
  150  12:27  Pylon  
  156  12:32  Photon Cannon  
  156  12:33  Photon Cannon  
  156  12:34  Shield Battery, Pylon  
  156  12:35  Pylon  
  156  12:36  Probe  
  157  12:40  Dark Shrine  
  157  12:44  Gateway  
  157  12:45  Probe  
  157  12:47  Zealot x2  
  157  12:48  Gateway  
  162  12:53  High Templar  
  162  12:54  High Templar x3  
  162  12:55  Stalker x2  
  174  13:07  Photon Cannon  
  174  13:09  Disruptor, Photon Cannon  
  174  13:10  Shield Battery  
  174  13:12  Photon Cannon  
  176  13:13  Shield Battery  
  176  13:16  Shield Battery  
  176  13:18  High Templar  
  178  13:22  Pylon  
  178  13:24  Assimilator  
  178  13:27  Assimilator  
  178  13:30  Stalker x2  
  178  13:31  Stalker x3  
  188  13:37  Colossus  
  188  13:47  Disruptor  
  188  13:58  Zealot x3  
  188  13:59  Zealot x5  
  182  14:06  Zealot x2  
  140  14:20  Immortal  
  140  14:22  Stalker x8  
  140  14:23  Immortal  
  140  14:24  Protoss Ground Armor Level 2  
  160  14:33  Protoss Shields Level 1  
  160  14:34  Photon Cannon  
  160  14:36  Shadow Stride, Photon Cannon  
  160  14:37  Photon Cannon  
  164  14:39  Photon Cannon  
  164  14:48  High Templar x2  
  164  14:52  High Templar x2  
  170  14:53  High Templar x2  
  176  15:05  Nexus  
  176  15:07  Pylon  
  170  15:29  Probe  
  170  15:30  Stalker x4  
  175  15:37  Archon  
  159  15:43  Zealot x6  
  159  15:56  Probe  
  156  16:03  Photon Cannon  
  152  16:05  Photon Cannon  
  152  16:06  Pylon  
  152  16:07  Photon Cannon  
  152  16:09  Shield Battery x2  
  152  16:13  Dark Templar x9  
  152  16:14  Dark Templar  
  172  16:38  Protoss Ground Armor Level 3  
  172  16:41  Archon  
  168  16:50  Protoss Shields Level 2  
  168  16:52  High Templar x2  
  172  16:56  Photon Cannon  
  172  16:57  Photon Cannon  
  172  16:59  Photon Cannon  
  172  17:01  Photon Cannon  
  172  17:04  Shield Battery  
  172  17:06  Shield Battery  
  172  17:09  Photon Cannon  
  172  17:12  Pylon  
  150  17:30  Disruptor x2, Dark Templar x3  
  150  17:31  Dark Templar x7  
  167  18:03  Archon  
  167  18:04  Archon  
  149  18:06  Colossus  
  149  18:07  Colossus  
  133  18:12  High Templar  
  133  18:13  Zealot x8  
  133  18:14  Probe  
  144  18:34  Nexus  
  144  18:38  Zealot x5  
  144  18:40  Zealot x3  
  156  18:42  Gateway  
  156  18:44  Gateway x2  
  156  18:45  Gateway  
  153  18:50  Colossus  
  153  18:51  Pylon  
  146  19:02  Assimilator x2  
  148  19:07  Colossus  
  148  19:08  Dark Templar  
  148  19:09  Dark Templar x8  
  166  19:10  Nexus  
  166  19:11  Pylon  
  166  19:21  Assimilator  
  167  19:39  Stalker x3  
  167  19:44  Probe  
  166  19:50  Zealot x4, High Templar  
  166  19:51  Zealot x5  
  170  19:54  Stalker x2  
  170  19:55  Stalker x7  
  170  19:57  Nexus  
  170  19:58  Pylon  
  165  20:06  Archon  
  161  20:12  Probe  
  161  20:14  Probe  
  149  20:15  Pylon  
  145  20:23  Stalker  
  145  20:24  Stalker x10  
  159  20:33  Protoss Shields Level 3  
  159  20:47  Nexus  
  159  20:48  Pylon  
  159  20:51  High Templar x2  
  159  20:52  High Templar x2  
  159  20:53  Pylon  
  159  20:56  Photon Cannon  
  167  20:57  Zealot x5  
  167  20:58  Assimilator, Zealot x4, Pylon, Photon Cannon  
  167  21:00  Disruptor x2  
  167  21:03  Pylon  
  189  21:20  Pylon  
  189  21:22  Nexus  
  187  21:27  Zealot  
  187  21:28  Zealot  
  187  21:29  Pylon  
  189  21:39  Pylon  
  189  21:48  Pylon, Photon Cannon  
  189  21:49  Photon Cannon  
  189  21:50  Shield Battery  
  189  21:58  Disruptor x2  
  197  22:09  Stalker x2  
  197  22:29  Stalker x4  
  181  22:34  Stalker x3  
  181  22:35  Stalker x2  
  179  22:49  Stalker x3  
  179  22:50  Stalker x2  
  153  22:56  Colossus x2  
  151  23:01  Assimilator  
  151  23:08  High Templar x2  
  151  23:09  High Templar  
  151  23:10  High Templar  
  159  23:18  Nexus, Pylon, Dark Templar  
  159  23:19  Dark Templar x3  
  167  23:20  Zealot x6  
  179  23:40  Photon Cannon  
  179  23:42  Photon Cannon  
  179  23:44  Shield Battery  
  179  23:45  Zealot  
  179  23:46  Zealot  
  182  23:50  Colossus  
  182  24:02  Pylon  
  181  24:04  Nexus  
  181  24:05  Pylon  
  181  24:21  Photon Cannon  
  181  24:23  High Templar  
  181  24:24  Photon Cannon  
  183  24:25  Shield Battery  
  183  24:26  Shield Battery  
  173  24:32  Assimilator  
  173  24:34  Assimilator  
  169  24:48  Disruptor x2  
  178  24:52  Probe  
  178  24:56  Photon Cannon, Dark Templar x3  
  178  24:58  Shield Battery, Photon Cannon  
  178  24:59  High Templar  
  186  25:01  Photon Cannon  
  186  25:03  Photon Cannon  
  186  25:06  Shield Battery  
  181  25:09  Zealot  
  181  25:10  Zealot x9  
  141  25:24  Disruptor  
  141  25:27  Archon  
  140  25:28  Probe  
  140  25:31  Stalker x10  
  140  25:32  Stalker x2  
  140  25:34  Pylon, Immortal  
  166  25:42  Dark Templar x2  
  170  26:00  Immortal  
  174  26:15  Zealot x5, High Templar  
  174  26:16  Zealot x8  
  198  26:18  Probe  
  175  26:51  Immortal x2  
  183  27:11  Nexus  
  183  27:12  Pylon  
  183  27:14  Zealot x2, High Templar  
  183  27:15  Zealot x3, Stalker x2  
  191  27:30  High Templar x3  
  159  28:14  Archon  
  155  28:20  Zealot x5  
  155  28:24  Zealot x5, High Templar x2  
  155  28:25  Zealot x2  
  183  28:27  Photon Cannon  
  183  28:30  Shield Battery  
  183  28:31  Photon Cannon  
  183  28:33  Pylon  
  183  28:35  Assimilator, Shield Battery  
  183  28:39  Assimilator  
  183  28:45  Stalker x6  
  183  28:46  Stalker x2  
  193  28:56  Archon  
  191  29:06  Zealot x2  
  191  29:07  Zealot x4  
  199  29:15  High Templar  
  190  29:30  High Templar  
  190  29:31  High Templar  
Show
View Real Time Build Order
Export as new Build Order

Moja Terran 

Build Orders:  

Get SALT Encoding   

  12  0:00  SCV  
  13  0:12  SCV  
  14  0:17  Supply Depot  
  14  0:24  SCV  
  15  0:39  SCV  
  15  0:40  Barracks  
  16  0:44  Refinery  
  16  0:51  SCV  
  17  1:03  SCV  
  18  1:15  SCV  
  19  1:27  Marine  
  19  1:28  Orbital Command  
  20  1:41  Command Center  
  20  1:46  Barracks Reactor  
  20  1:53  SCV  
  21  1:55  Supply Depot  
  21  2:05  SCV  
  22  2:19  SCV  
  22  2:21  Marine  
  22  2:22  Reaper  
  25  2:28  Command Center  
  25  2:31  SCV  
  26  2:39  Barracks  
  26  2:43  SCV  
  27  2:44  Marine  
  28  2:52  Orbital Command  
  28  2:56  SCV  
  29  3:01  Marine  
  29  3:05  Marine  
  30  3:09  SCV  
  32  3:14  Barracks  
  32  3:18  SCV  
  33  3:21  SCV, Marine  
  33  3:23  Marine  
  36  3:28  Barracks Tech Lab  
  36  3:32  SCV  
  36  3:33  SCV  
  38  3:41  Orbital Command  
  38  3:43  Marine x2  
  38  3:44  SCV  
  38  3:45  SCV  
  38  3:46  Marine, Stimpack  
  43  3:56  SCV  
  43  3:57  SCV  
  43  4:01  Marine x2  
  43  4:02  Barracks Tech Lab  
  47  4:04  Marine  
  47  4:06  Refinery, Engineering Bay  
  47  4:07  SCV  
  47  4:08  SCV  
  47  4:09  SCV  
  50  4:19  SCV  
  50  4:20  Combat Shield  
  50  4:21  SCV, Marine x2  
  50  4:22  SCV, Marine  
  56  4:25  Marine  
  57  4:32  SCV, Terran Infantry Weapons Level 1  
  57  4:33  SCV  
  57  4:35  SCV  
  57  4:36  Supply Depot  
  57  4:37  Supply Depot  
  60  4:39  Factory  
  60  4:41  Marine  
  61  4:48  Supply Depot  
  61  4:49  Refinery  
  61  4:57  SCV x3, Marine  
  65  5:01  Supply Depot, Marauder  
  65  5:02  Marauder  
  69  5:09  SCV x2  
  69  5:10  SCV  
  69  5:11  Marine  
  73  5:15  Marine  
  73  5:16  Supply Depot  
  74  5:22  SCV x3  
  74  5:23  Marauder x2  
  74  5:24  Starport, Factory Reactor  
  74  5:27  Refinery  
  81  5:32  Supply Depot  
  81  5:34  SCV x3  
  84  5:35  Marine  
  84  5:36  Marine, Command Center  
  84  5:37  Concussive Shells  
  86  5:46  SCV x2, Marauder x2  
  86  5:48  SCV  
  93  5:50  Supply Depot  
  93  5:54  Refinery  
  93  5:56  Marine  
  93  5:57  Marine  
  94  5:58  SCV x2  
  94  6:00  Supply Depot, SCV  
  98  6:07  Barracks  
  98  6:09  Barracks  
  98  6:10  Factory Reactor, Medivac x2  
  102  6:12  SCV x2  
  104  6:21  Marine x2  
  104  6:22  Marauder x2  
  104  6:24  SCV  
  111  6:26  Terran Infantry Armor Level 1, Armory  
  111  6:27  Engineering Bay  
  111  6:28  SCV  
  111  6:29  SCV  
  113  6:38  SCV  
  114  6:40  Medivac x2  
  117  6:50  Marine x2, Marauder x2  
  117  6:53  SCV  
  125  6:59  Barracks Tech Lab  
  126  7:04  Marine, Barracks  
  126  7:05  Barracks x2  
  127  7:09  Missile Turret  
  127  7:11  Marine, Marauder x2, Medivac x2  
  127  7:13  Terran Infantry Weapons Level 2  
  134  7:25  Planetary Fortress  
  134  7:26  Marine  
  134  7:27  SCV, Marauder  
  138  7:32  Marine  
  138  7:35  Marauder  
  140  7:48  Marine, Medivac x2  
  140  7:49  Supply Depot x2, Marauder  
  140  7:50  Supply Depot  
  140  7:51  Supply Depot  
  147  7:53  Barracks Tech Lab x3  
  147  7:54  Command Center  
  147  8:03  SCV  
  148  8:08  Barracks  
  148  8:09  Marine, Barracks  
  148  8:10  SCV  
  148  8:11  Marauder x2, Barracks  
  153  8:14  Refinery  
  153  8:17  Marine, Marauder x2  
  158  8:22  Terran Infantry Armor Level 2  
  158  8:23  Marauder  
  158  8:24  Marauder  
  158  8:25  Marine  
  163  8:32  Marauder x2  
  163  8:33  Supply Depot  
  167  8:35  Supply Depot  
  167  8:39  Marine, Marauder  
  167  8:40  Marauder  
  172  8:43  Ghost Academy  
  172  8:55  Marine  
  172  8:56  Marauder x2  
  172  9:01  Barracks Tech Lab x3  
  175  9:05  Marine x2  
  175  9:06  Marauder x2  
  175  9:09  Marine  
  175  9:10  Marauder  
  167  9:21  Marine x2, Marauder x2  
  165  9:25  Marine, Marauder x2  
  165  9:26  Medivac x2  
  165  9:28  Marine  
  165  9:29  Marauder  
  164  9:31  Marine  
  164  9:32  Marauder  
  164  9:34  Terran Infantry Weapons Level 3  
  164  9:35  Planetary Fortress, Marauder x2  
  170  9:39  Marine  
  170  9:42  Marine, Marauder  
  170  9:44  SCV  
  170  9:45  SCV  
  170  9:51  Marine x2  
  181  9:53  SCV x2  
  181  9:56  SCV  
  184  10:01  Missile Turret  
  184  10:02  Marine, Marauder x4  
  193  10:13  Command Center  
  196  10:15  Marauder  
  196  10:19  Unknown x3  
  198  10:38  Unknown, Command Center  
  198  10:40  Terran Infantry Armor Level 3, Command Center  
  198  10:41  Command Center  
  191  11:11  Marine, Marauder x3  
  185  11:13  Marine  
  185  11:17  Marine x2, Marauder x4, Medivac  
  185  11:18  Medivac  
  174  11:19  Marine, Marauder  
  148  11:29  Marine  
  148  11:30  Marine  
  146  11:32  Marauder  
  146  11:33  Marauder x2  
  146  11:35  Marine  
  146  11:37  Marauder  
  146  11:38  Marauder x2  
  139  11:43  Marine, Marauder  
  139  11:44  Marauder  
  133  11:47  Medivac  
  133  11:48  Medivac  
  133  11:49  Marine, Marauder  
  138  11:54  Orbital Command, Marauder x2  
  138  11:55  Orbital Command x2  
  138  11:59  Marine  
  138  12:00  Marauder x2  
  147  12:02  Personal Cloaking  
  147  12:05  Marauder  
  149  12:16  Sensor Tower  
  149  12:18  Sensor Tower  
  149  12:19  Medivac  
  149  12:20  Marauder, Medivac  
  149  12:21  Marine, Marauder x4  
  164  12:28  Unknown x2  
  164  12:29  Planetary Fortress  
  164  12:39  Missile Turret  
  164  12:44  Terran Vehicle And Ship Armor Level 1  
  164  12:45  Hi-Sec Auto Tracking  
  164  12:48  Refinery  
  164  12:49  Refinery  
  164  12:56  Marine x3, Marauder x5  
  164  12:57  Marine  
  181  13:00  Marine, Marauder x2  
  185  13:06  Barracks x2  
  185  13:07  Barracks x2  
  185  13:08  Barracks  
  185  13:17  Neosteel Armor  
  185  13:20  Marine  
  185  13:21  Marauder x2  
  185  13:23  Unknown  
  185  13:24  Command Center  
  190  13:27  Nuke  
  190  13:32  Marine, Marauder  
  189  13:41  Marauder x2  
  189  13:42  Marauder  
  189  13:43  Marine, Marauder x3  
  194  14:00  Marine  
  194  14:01  Marauder  
  194  14:02  Marine  
  184  14:03  Marauder  
  184  14:06  Marine  
  184  14:07  Marine, Marauder x2  
  184  14:08  Marauder x2  
  184  14:09  Barracks Tech Lab x3, Barracks Reactor x2  
  134  14:20  Marine, Marauder  
  134  14:22  Marauder  
  134  14:23  Marine  
  142  14:24  Marauder  
  142  14:27  Marine  
  142  14:28  Marauder x2  
  142  14:29  Marine, Marauder x2  
  155  14:44  Marine, Marauder x2  
  162  14:45  Marine  
  162  14:46  Marine x5, Marauder  
  162  14:48  Unknown x2  
  162  14:49  Marauder x3  
  162  14:50  Marauder  
  162  14:52  Marine, Marauder  
  179  14:57  Unknown x3  
  178  15:12  Marine, Marauder x2  
  182  15:17  Marine, Marauder x2  
  182  15:19  Marine, Marauder x2  
  189  15:38  Marine, Marauder  
  189  15:41  Marine, Marauder x3  
  187  15:45  Marine, Marauder x2  
  187  15:48  Marauder x2  
  187  15:49  Medivac x2  
  158  15:55  Nuke, Fusion Core  
  152  16:02  Marine  
  152  16:03  Marauder x4  
  151  16:15  Marauder x2  
  170  16:19  Medivac x2  
  169  16:31  Marine, Marauder  
  169  16:32  Marine, Marauder x2  
  177  16:34  Marine, Marauder x2  
  177  16:37  Orbital Command x2, Command Center  
  182  16:42  Unknown x5  
  182  16:46  Marine, Marauder x3  
  189  16:47  Marine, Marauder x2  
  189  16:49  Medivac  
  196  17:01  Caduceus Reactor  
  196  17:04  Marauder  
  200  17:28  Marine, Marauder x2  
  200  17:29  Marauder  
  192  17:31  Unknown x2  
  192  17:39  Marine, Marauder x2  
  197  17:45  Marine, Marauder  
  197  17:47  Sensor Tower  
  198  18:05  Marine, Marauder x2  
  189  18:06  Marauder  
  189  18:07  Marine, Marauder  
  160  18:13  Marine  
  160  18:14  Marauder  
  160  18:15  Marine, Marauder x2  
  160  18:16  Marine, Marauder x2  
  160  18:18  Marine  
  160  18:19  Marauder  
  171  18:24  Marine  
  172  18:28  Marine  
  159  18:37  Orbital Command  
  159  18:38  Marine, Marauder  
  158  19:15  Planetary Fortress, Missile Turret  
  158  19:28  Viking x2  
  161  19:52  Marine  
  161  19:53  Marauder  
  161  20:03  Marine, Barracks Reactor  
  161  20:05  Marine, Marauder  
  116  20:07  Marine, Marauder x3  
  116  20:09  Viking x2  
  99  20:26  Marine, Marauder x4  
  99  20:43  Viking x2  
  99  20:47  Marine, Marauder x3  
  110  20:54  Orbital Command  
  110  21:03  Marauder x2  
  114  21:13  Viking x2  
  118  21:24  Marauder x4  
  118  21:25  Marine x2, Marauder  
  132  21:26  Marauder x4  
  132  21:27  Marine  
  132  21:28  Marauder  
  145  21:37  Marine  
  145  21:42  Marine  
  145  21:43  Viking  
  145  21:45  Marauder  
  145  21:46  Marauder x4  
  158  21:47  Marauder  
  158  21:52  Unknown x2  
  156  21:55  Viking  
  156  21:58  Marine, Marauder x5  
  159  22:20  Marine  
  159  22:21  Marauder  
  148  22:34  Medivac x2  
  148  22:36  Marine  
  148  22:37  Marauder  
  148  22:41  Marine, Marauder  
  148  22:42  Marauder  
  147  22:48  Marine, Marauder x4  
  147  22:49  Marine  
  147  22:50  Marine, Marauder x2  
  147  22:51  Marauder  
  108  22:52  Marine  
  108  22:53  Marine, Marauder x2  
  88  23:03  Orbital Command  
  88  23:04  Medivac x2  
  101  23:20  Orbital Command  
  101  23:31  Marauder  
  101  23:32  Marine, Marauder x2  
  101  23:33  Marauder  
  119  23:36  Marine  
  119  23:37  Marauder  
  122  23:41  Unknown x3  
  121  23:51  Marine, Marauder  
  121  23:52  Orbital Command  
  121  23:55  Medivac x2  
  121  23:59  Unknown x3  
  118  24:16  Marine x3, Marauder x4  
  118  24:17  Marine x2, Marauder x3  
  137  24:28  Marine  
  137  24:29  Marauder  
  136  24:45  Marine  
  136  24:46  Marauder x2  
  136  24:47  Marauder  
  140  24:54  Marine  
  140  24:55  Marauder  
  143  25:05  Marine  
  143  25:06  Marauder  
  146  25:08  Marine  
  146  25:09  Marauder x2  
  144  25:15  Marine, Marauder  
  144  25:18  Medivac x2  
  118  25:46  Orbital Command  
  118  25:48  Medivac x2  
  118  25:58  Marine, Marauder x2  
  118  25:59  Marauder x2  
  127  26:09  Marauder x4  
  131  26:24  Orbital Command  
  128  26:42  Marine, Marauder  
  128  26:43  Marine, Marauder  
  128  26:45  Medivac x2  
  127  26:57  Marine, Marauder x3  
  127  26:58  Marine, Marauder x2  
  135  27:13  Marauder x3  
  135  27:15  Medivac x2  
  143  27:16  Refinery  
  145  27:25  Unknown x2  
  125  27:53  Marine x2  
  125  27:54  Marine x3  
  122  28:05  Marine x5  
  104  28:20  Marine  
  104  28:21  Orbital Command, Marauder x2  
  100  28:49  Marine x7  
  100  28:50  Marine  
  98  29:02  Marine  
  95  29:21  Marine  
  95  29:22  Marauder  
Tags
 
Add a new tag
Caveats
  • Supply blocks, unpowered buildings, or Contaminate may cause inaccurate times.
  • Supply counts are checked every 10 seconds.